 Dungeon Crawl Stone Soup version 0.31-a0-358-gac0dbeb3ab (webtiles) character file.

Game seed: 2350127116153256262

1246 hashsling the Cudgeller (level 8, -2/52 HPs)
             Began as a Gargoyle Fighter on July 25, 2023.
             Slain by Blork the orc
             ... wielding a +0 trident
              (8 damage)
             ... on level 6 of the Dungeon.
             The game lasted 00:13:17 (3865 turns).

hashsling the Cudgeller (Gargoyle Fighter)          Turns: 3865, Time: 00:13:18

Health: -2/52      AC: 16    Str: 23    XL:     8   Next: 50%
Magic:  8/8        EV:  7    Int:  8    God:
Gold:   200        SH:  8    Dex:  9    Spells: 7/7 levels left

rFire   . . .        a - +0 flail
rCold   . . .        n - +0 kite shield
rNeg    + . .        z - +0 chain mail
rPois   ∞            p - +0 helmet {SInv}
rElec   +            (no cloak)
rCorr   .            (no gloves)
SInv    +            (no boots)
Will    .....        (no amulet) Stlth
                     (no ring)
HPRegen 0.28/turn    (no ring)
MPRegen 0.11/turn

%: no passive effects
@: mighty
A: sickness immunity, AC +5, negative energy resistance 1, electricity
resistance, torment resistance 1, petrification resistance
a: no special abilities


You were on level 6 of the Dungeon.
You visited 1 branch of the dungeon, and saw 6 of its levels.

You collected 258 gold pieces.
You spent 58 gold pieces at shops.

Inventory:

Hand Weapons
 a - a +0 flail (weapon)
Missiles
 g - 4 javelins
 q - 4 boomerangs
 u - a poisoned dart (quivered)
Armour
 n - a +0 kite shield (worn)
 p - a +0 helmet of see invisible (worn)
 z - a +0 chain mail (worn)
Wands
 s - a wand of flame (23)
Scrolls
 b - a scroll of brand weapon {unknown}
 e - 3 scrolls of enchant armour {unknown}
 j - 3 scrolls of teleportation {unknown}
 k - a scroll of revelation {unknown}
 m - 2 scrolls of identify {unknown}
 t - a scroll of summoning {unknown}
 v - a scroll of enchant weapon {unknown}
 w - a scroll of fog {unknown}
 y - a scroll of blinking {unknown}
Potions
 c - a potion of cancellation {unknown}
 f - 2 potions of brilliance {unknown}
 h - a potion of magic {unknown}
 i - a potion of attraction {unknown}
 l - 2 potions of enlightenment {unknown}
 o - a potion of berserk rage {unknown}
 r - a potion of ambrosia {unknown}
 x - a potion of degeneration {unknown}
 A - a potion of haste {unknown}


   Skills:
 + Level 6.6 Fighting
 * Level 7.2 Maces & Flails
 - Level 5.0 Armour
 - Level 5.0 Shields


You had 7 spell levels left.
You didn't know any spells.
Your spell library contained the following spells:

 Spells                   Type           Power      Damage    Failure   Level
 Freeze                   Ice            0%         1d3       99%         1
 Frozen Ramparts          Ice            0%         1d1       100%        3
 Hailstorm                Conj/Ice       0%         3d3       100%        3


Dungeon Overview and Level Annotations

Branches:
Dungeon (6/15)
 Temple: D:4-7

Altars:
Vehumet

Shops:
D:2 [(*

Annotations:
D:6 Blork the orc


Innate Abilities, Weirdness & Mutations

You are immune to sickness and miasma.
Your stone body is resilient. (AC +5)
You are immune to poison.
You resist negative energy. (rN+)
You are resistant to electric shocks. (rElec)
You are resistant to unholy torment.
You are immune to petrification.


Message History

Your Maces & Flails skill increases to level 7!
Your Shields skill increases to level 5!
u - a poisoned dart
Things that are here:
a +0 halberd of draining; +0 swamp dragon scales A shadow imp comes into view.
You are too injured to fight recklessly!
You are too injured to fight recklessly!
The shadow imp shouts!
Blork the orc comes into view.
He is wielding a +0 trident.
Found a serpent talisman.
Blork the orc shouts!
Blork the orc gestures at you while chanting.
The puff of flame hits you but does no damage.
Blork the orc gestures wildly while chanting.
Blork the orc seems to speed up.
You block the shadow imp's attack.
You closely miss the shadow imp. The shadow imp gestures at you.
Pain shoots through your body!
* * * LOW HITPOINT WARNING * * *
You closely miss the shadow imp.
Blork the orc hits you from afar with a +0 trident.
* * * LOW HITPOINT WARNING * * *
The shadow imp barely misses you. You block Blork the orc's attack.
You closely miss the shadow imp. The shadow imp barely misses you.
Blork the orc barely misses you.
The shadow imp hits you but does no damage.
Blork the orc hits you from afar with a +0 trident.
* * * LOW HITPOINT WARNING * * *
You hit the shadow imp.
The shadow imp is moderately wounded.
Blork the orc hits you from afar with a +0 trident.
* * * LOW HITPOINT WARNING * * *
The shadow imp hits you.
* * * LOW HITPOINT WARNING * * *
You sock the shadow imp!
You kill the shadow imp!
You block Blork the orc's attack. Blork the orc barely misses you.
Blork the orc hits you with a +0 trident!
You die...

######## ##......##
#.(......##
......(...#
.......).<#
..........#
..........###########
..........o@.........
#.........###########
..........#
..........#
..........#
..........#
.....◎....# .......#.


You could see Blork the orc (fast).

Vanquished Creatures
  Maggie (D:6)
  A black bear (D:5)
  An ogre (D:5)
  A centaur (D:5)
  2 phantoms (D:4)
  3 scorpions (D:4)
  A howler monkey (D:4)
  3 hounds
  A jelly (D:4)
  2 orc wizards (D:5)
  10 adders
  2 gnolls (D:4)
  A shadow imp (D:6)
  An ufetubus (D:4)
  3 worms
  3 dart slugs
  13 orcs
  6 bats
  3 endoplasms (D:1)
  9 goblins
  6 hobgoblins
  3 quokkas (D:1)
  4 ball pythons
  6 frilled lizards
  7 kobolds
  4 rats
97 creatures vanquished.

Notes
Turn   | Place    | Note
-------+----------+-------------------------------------------
     0 | D:1      | hashsling the Gargoyle Fighter began the quest for the Orb.
     0 | D:1      | Reached XP level 1. HP: 14/14 MP: 1/1
   108 | D:1      | Reached XP level 2. HP: 19/19 MP: 2/2
   313 | D:1      | Reached XP level 3. HP: 22/23 MP: 3/3
   526 | D:2      | Found a faded altar of an unknown god.
   590 | D:2      | Found Qeschifiomm's Armour Boutique.
   687 | D:2      | Reached XP level 4. HP: 24/29 MP: 4/4
   925 | D:2      | Found Xugib's Assorted Antiques.
  1061 | D:2      | Found Goit's Antique Weapon Emporium.
  1165 | D:2      | Bought a +0 kite shield for 58 gold pieces
  1700 | D:3      | Reached skill level 3 in Maces & Flails
  1831 | D:3      | Reached XP level 5. HP: 33/33 MP: 5/5
  2212 | D:4      | Noticed a phantom
  2225 | D:4      | Killed a phantom
  2226 | D:4      | Reached XP level 6. HP: 40/40 MP: 6/6
  2252 | D:4      | Reached skill level 5 in Fighting
  2252 | D:4      | Reached skill level 4 in Maces & Flails
  2252 | D:4      | Found a radiant altar of Vehumet.
  2589 | D:4      | Reached skill level 5 in Armour
  2682 | D:4      | Reached XP level 7. HP: 44/44 MP: 7/7
  2808 | D:4      | Identified the +2 hand axe "Etithrit" {venom, rN+ Int+3}
  2897 | D:5      | Entered Level 5 of the Dungeon
  2917 | D:4      | Reached skill level 5 in Maces & Flails
  3285 | D:5      | Reached skill level 6 in Maces & Flails
  3317 | D:5      | Reached XP level 8. HP: 9/51 MP: 8/8
  3640 | D:5      | Found the +7 captain's cutlass {speed, disarm}
  3825 | D:6      | Noticed Maggie
  3836 | D:6      | Killed Maggie
  3837 | D:6      | Reached skill level 7 in Maces & Flails
  3837 | D:6      | Reached skill level 5 in Shields
  3851 | D:6      | Noticed Blork the orc
  3865 | D:6      | Slain by Blork the orc

Illustrated notes

Levels and vault maps discovered:
D:1:      dpeg_arrival_pond, layout_basic, dk_noncrumbling_3
D:2:      layout_loops_ring, serial_shops, shop, shop, shop,
          hellmonk_ecumenical_altar_arch_garden
D:3:      wad_pebble_path, layout_basic, wad_orctagon
D:4:      layout_gridville, vehumet_altar_wand_db, sigmund_army
D:5:      layout_rooms, minivault_4
D:6:      layout_rooms, old_standard_altar, mainiacjoe_overflow_chevrons,
          minmay_temple_entry_mini_moons, st_stairs_1, kennysheep_another_room,
          minmay_misc_feat_chi, lightli_minifort, uniq_grinder,
          uniq_blork_the_orc, uniq_maggie, uniq_duvessa

Skill      XL: |  1  2  3  4  5  6  7  8 |
---------------+-------------------------+-----
Fighting       | 4 5 6 |  6.6
Armour         | 4 5 |  5.0
Maces & Flails | 3 4 6 7 |  7.2
Shields        | 4 5 |  5.0

Action                     |  1- 3 |  4- 6 |  7- 9 || total
---------------------------+-------+-------+-------++-------
  Melee: Flail             |   108 |   162 |   122 ||   392
  Throw: Javelin           |       |     2 |       ||     2
         Dart              |       |       |     8 ||     8
    Use: Potion            |       |       |     1 ||     1
 Armour: Scale mail        |    57 |    78 |    88 ||   223
         Chain mail        |       |       |    14 ||    14
  Dodge: Dodged            |    61 |    63 |    65 ||   189
  Block: Buckler           |    22 |     3 |       ||    25
         Kite shield       |       |    67 |    62 ||   129

Table legend: (Time is in decaauts)
 A = Elapsed time spent in this place.
 B = Non-inter-level travel time spent in this place.
 C = Inter-level travel time spent in this place.
 D = Time resting spent in this place.
 E = Time spent auto-exploring this place.
 F = Levels seen in this place.
 G = Mean time per level.
                   A        B        C        D        E       F      G
               +--------+--------+--------+--------+--------+-----+--------+
         Total |   3990 |   3838 |    152 |      0 |   2649 |   6 |  665.0 |
       Dungeon |   3990 |   3838 |    152 |      0 |   2649 |   6 |  665.0 |
               +--------+--------+--------+--------+--------+-----+--------+

Top non-repeatable levels by time:
     D:4: 1215 daAuts
     D:3: 868 daAuts
     D:2: 673 daAuts
     D:5: 641 daAuts
     D:1: 549 daAuts
     D:6: 42 daAuts
